 Dungeon Crawl Stone Soup version 0.29.1-13-g9f3cf754e1 (webtiles) character file.

Game seed: 16906519550807779235

6027 hbarley the Cleaver (level 10, -4/90 HPs)
             Began as a Hill Orc Fighter on Feb 2, 2023.
             Was a Follower of Uskayaw.
             Slain by a sixfirhy (12 damage)
             ... summoned by a kobold demonologist
             ... on level 9 of the Dungeon.
             The game lasted 00:24:50 (11301 turns).

hbarley the Cleaver (Hill Orc Fighter)             Turns: 11301, Time: 00:24:53

Health: -4/90      AC:  2    Str: 28    XL:     10   Next: 86%
Magic:  11/11      EV: 11    Int:  8    God:    Uskayaw [*.....]
Gold:   491        SH:  5    Dex: 12    Spells: 9/9 levels left

rFire   . . .      SeeInvis .   I - +0 hand axe (drain)
rCold   . . .      Faith    .   c - +0 buckler
rNeg    + . .      Spirit   .   b - +0 scale mail
rPois   .          Reflect  .   l - +0 helmet
rElec   .          Harm     .   x - +0 cloak
rCorr   .          Rampage  .   i - +0 pair of gloves
Will    .....                   y - +0 pair of boots
Stlth   +.........              (no amulet)
HPRegen 0.25/turn               g - +6 ring of strength
MPRegen 0.12/turn               o - ring of positive energy

@: corroded
A: no striking features
a: Renounce Religion, Stomp


You were on level 9 of the Dungeon.
You worshipped Uskayaw.
Uskayaw was noncommittal.
You visited 1 branch of the dungeon, and saw 9 of its levels.
You also visited: Sewer.

You collected 606 gold pieces.
You spent 115 gold pieces at shops.

Inventory:

Hand Weapons
 a - a +0 war axe
 I - a +0 hand axe of draining (weapon)
Missiles
 u - a throwing net
 G - 18 poisoned darts (quivered)
Armour
 b - a +0 scale mail (worn)
 c - a +0 buckler (worn)
 i - a +0 pair of gloves (worn)
 l - a +0 helmet (worn)
 x - a +0 cloak (worn)
 y - a +0 pair of boots (worn)
Jewellery
 g - a +6 ring of strength (left hand)
 o - a ring of positive energy (right hand)
 C - a +4 ring of slaying
 H - a ring of ice
Scrolls
 f - 4 scrolls of poison
 h - a scroll of enchant armour {unknown}
 n - 2 scrolls of blinking {unknown}
 p - a scroll of noise {unknown}
 r - a scroll of vulnerability {unknown}
 s - a scroll of identify
 t - 2 scrolls of fear {unknown}
 v - a scroll of immolation {unknown}
 w - 4 scrolls of teleportation
 D - 3 scrolls of enchant weapon
 F - a scroll of silence {unknown}
Potions
 d - a potion of might
 e - a potion of heal wounds
 j - 2 potions of lignification {unknown}
 k - 6 potions of curing
 m - 3 potions of brilliance {unknown}
 q - a potion of attraction {unknown}
 z - a potion of magic {unknown}
 A - 3 potions of flight {unknown}
 B - 2 potions of mutation {unknown}
 E - a potion of resistance {unknown}


   Skills:
 + Level 8.4 Fighting
 + Level 13.2 Axes
 + Level 9.3 Armour
 + Level 3.5 Dodging
 + Level 2.7 Stealth
 + Level 5.9 Shields
 * Level 1.7 Invocations


You had 9 spell levels left.
You didn't know any spells.
Your spell library contained the following spells:

 Spells                   Type           Power      Damage    Failure   Level
 Sandblast                Erth           0%         2d4       71%         1
 Sublimation of Blood     Necr           0%         N/A       85%         2
 Lesser Beckoning         Tloc           0%         N/A       97%         3
 Ozocubu's Armour         Ice            0%         N/A       97%         3
 Leda's Liquefaction      Hex/Erth       0%         N/A       100%        4
 Petrify                  Tmut/Erth      0%         N/A       100%        4
 Irradiate                Conj/Tmut      0%         3d11      100%        5
 Ozocubu's Refrigeration  Ice            0%         4d7       100%        7
 Disjunction              Tloc           0%         N/A       100%        8


Dungeon Overview and Level Annotations

Branches:
Dungeon (9/15)             Temple (0/1) D:7           Sewer (visited)
   Lair: D:8-11         Orc: D:9-12

Altars:
Ashenzari
Cheibriados
Fedhas
Gozag
Kikubaaqudgha
Makhleb
Okawaru
Uskayaw

Shops:
D:2 *   D:4 :   D:6 [

Annotations:
D:3 2 runed translucent doors, nickcage's ghost, amateur FoFi
D:4 1 runed translucent door, Crazy Yiuf
D:6 shop 546g, FexLirch's ghost, novice MeEE


Message History

The rust devil is lightly wounded.
You hit the rust devil.
The rust devil is lightly wounded.
The rust devil hits you. The rust devil corrodes you!
A gnoll comes into view. It is wielding a +0 spear.
A gnoll comes into view. It is wielding a +0 club.
The kobold demonologist mumbles some strange words.
You hit the rust devil but do no damage.
The rust devil is lightly wounded.
You barely miss the sixfirhy. You block the sixfirhy's attack.
The rust devil hits you! The rust devil corrodes you!
A yak comes into view.
An orc wizard comes into view. It is wielding a +2 vampiric dagger.
The orc wizard shouts!
You hit the rust devil but do no damage.
The rust devil is lightly wounded.
You hit the sixfirhy but do no damage. The sixfirhy hits you!
The sixfirhy shocks you! The sixfirhy closely misses you.
The rust devil hits you! The rust devil corrodes you!
You block the sixfirhy's attack.
You closely miss the rust devil.
The rust devil is lightly wounded.
You miss the sixfirhy. The sixfirhy hits you! The sixfirhy shocks you!
* * * LOW HITPOINT WARNING * * *
The sixfirhy closely misses you.
An orc comes into view. It is wielding a +0 falchion.
The orc wizard casts a spell.
The orc wizard flickers and vanishes!
Deactivating autopickup; reactivate with Ctrl-A.
The orc warrior hits you from afar with a +0 halberd!
* * * LOW HITPOINT WARNING * * *
The kobold demonologist casts a spell.
You feel much better. The sixfirhy hits you!
* * * LOW HITPOINT WARNING * * *
The sixfirhy shocks you!
* * * LOW HITPOINT WARNING * * *
The sixfirhy hits you!
* * * LOW HITPOINT WARNING * * *
The sixfirhy shocks you!
You die...

#)#)..#..........## #
##[#..............#.#
#[#..............#.#
##)#...............#
####......#.........#
#.#........##.......###
##.....#####...........
#...###...###......#..
.#### ##.## #...@3## ##
### ##.#4## .# ###Ko#
.# #.g#4.# ## ###.{YY..
#.go..... ..ggY..##
...o...... ........K.>


You could see an ice devil (summoned), a rust devil (summoned), a kobold
demonologist, 3 yaks, a sixfirhy (summoned), an orc warrior, a gnoll sergeant,
an orc wizard, 3 gnolls and an orc.

Vanquished Creatures
  Pikel (D:4)
  A troll (D:8)
  Grinder (D:5)
  Sigmund (D:5)
  2 wyverns (D:7)
  5 yaks (D:8)
  Edmund (D:4)
  A water moccasin (Sewer)
  Duvessa (D:5)
  2 orc warriors (D:7)
  2 sky beasts
  A black bear (D:5)
  2 ogres
  A phantom (D:5)
  A lemure (D:4)
  3 centaurs
  A kobold brigand (D:7)
  4 bullfrogs
  4 scorpions
  A gnoll sergeant (D:9)
  10 wights (D:6)
  Dowan (D:5)
  9 killer bees
  2 howler monkeys (D:8)
  2 jellies
  3 orc priests
  8 hounds
  7 iguanas
  9 orc wizards
  10 adders
  4 gnolls (D:9)
  A river rat (D:6)
  A white imp (D:6)
  An ufetubus (D:5)
  2 worms
  A dart slug (D:2)
  23 orcs
  7 endoplasms
  2 giant cockroaches
  8 goblins
  8 hobgoblins
  A jackal (D:2)
  12 kobolds
  3 quokkas
  12 ball pythons
  5 bats
  2 frilled lizards
  10 rats
200 creatures vanquished.

Vanquished Creatures (others)
  2 fungi (D:6)
  2 plants (D:6)
4 creatures vanquished.

Grand Total: 204 creatures vanquished

Notes
Turn   | Place    | Note
-------+----------+-------------------------------------------
     0 | D:1      | hbarley the Hill Orc Fighter began the quest for the Orb.
     0 | D:1      | Reached XP level 1. HP: 19/19 MP: 1/1
   345 | D:1      | Reached skill level 3 in Axes
   519 | D:1      | Found a faded altar of an unknown god.
   553 | D:1      | Reached XP level 2. HP: 27/27 MP: 2/2
   612 | D:1      | Got the Disquisition on Geological Wanderlust
  1503 | D:2      | Reached XP level 3. HP: 27/33 MP: 3/3
  1771 | D:2      | Found a broken altar of Ashenzari.
  2142 | D:2      | Reached XP level 4. HP: 40/40 MP: 4/4
  2341 | D:2      | Found Vanin's Assorted Antiques.
  2346 | D:2      | Bought a glowing golden ring for 115 gold pieces
  2470 | D:2      | Reached skill level 4 in Axes
  2723 | D:3      | Found an ancient bone altar of Kikubaaqudgha.
  2782 | D:3      | Found a snail-covered altar of Cheibriados.
  2992 | D:3      | Found a runed translucent door.
  2994 | D:3      | Noticed nickcage's ghost (amateur FoFi)
  3127 | D:3      | Found a runed translucent door.
  3386 | D:4      | Reached XP level 5. HP: 29/47 MP: 5/5
  3402 | D:4      | Reached skill level 1 in Dodging
  3587 | D:4      | Reached skill level 5 in Axes
  3587 | D:4      | Reached XP level 6. HP: 35/53 MP: 6/6
  3875 | D:4      | Found Zoen Emio's Vocational Training.
  3935 | D:4      | Noticed Edmund
  3948 | D:4      | Killed Edmund
  3949 | D:4      | Reached skill level 6 in Axes
  3949 | D:4      | Reached skill level 5 in Armour
  4020 | D:4      | Noticed Pikel
  4034 | D:4      | Killed Pikel
  4035 | D:4      | Reached skill level 5 in Fighting
  4035 | D:4      | Reached skill level 8 in Axes
  4035 | D:4      | Reached XP level 7. HP: 9/61 MP: 7/7
  4035 | D:4      | Reached XP level 8. HP: 10/69 MP: 8/8
  4413 | D:4      | Found a runed translucent door.
  4414 | D:4      | Noticed Crazy Yiuf
  4679 | D:5      | Entered Level 5 of the Dungeon
  4738 | D:5      | Noticed Grinder
  4767 | D:5      | Killed Grinder
  4921 | D:5      | Reached skill level 9 in Axes
  4964 | D:5      | Noticed Duvessa
  4964 | D:5      | Noticed Dowan
  4973 | D:5      | Killed Duvessa
  4976 | D:5      | Killed Dowan
  5411 | D:5      | Reached XP level 9. HP: 77/77 MP: 9/9
  5435 | D:5      | Reached skill level 10 in Axes
  5438 | D:5      | Found a hide-covered altar of Uskayaw.
  5587 | D:5      | Became a worshipper of Uskayaw the Reveller
  5653 | D:5      | Reached * piety under Uskayaw
  5681 | D:5      | Noticed Sigmund
  5702 | D:5      | Reached ** piety under Uskayaw
  5705 | D:5      | Killed Sigmund
  6386 | D:6      | Reached skill level 11 in Axes
  6388 | D:6      | Reached *** piety under Uskayaw
  6390 | D:6      | Reached **** piety under Uskayaw
  6397 | D:6      | Reached ***** piety under Uskayaw
  6406 | D:6      | Reached ****** piety under Uskayaw
  6590 | D:6      | Identified the +4 shortbow "Jackin" {venom, Dex+2}
  6633 | D:6      | Found a runed translucent gate.
  6634 | D:6      | Found a runed translucent gate.
  6634 | D:6      | Noticed FexLirch's ghost (novice MeEE)
  6635 | D:6      | Found a runed translucent gate.
  6681 | D:6      | Found a blossoming altar of Fedhas.
  6690 | D:6      | Reached skill level 1 in Stealth
  6695 | D:6      | Reached skill level 5 in Shields
  6866 | D:6      | Found Ibagocel's Antique Armour Shop.
  6940 | D:6      | Found a glowing drain.
  6946 | Sewer    | Entered a sewer
  8256 | D:7      | Found a staircase to the Ecumenical Temple.
  8273 | D:7      | Found an opulent altar of Gozag.
  8309 | D:7      | Reached skill level 12 in Axes
  8309 | D:7      | Reached XP level 10. HP: 65/86 MP: 10/10
  8703 | D:7      | Found a burning altar of Makhleb.
  9874 | D:8      | Reached skill level 13 in Axes
 10500 | D:9      | Found an iron altar of Okawaru.
 10693 | D:9      | Reached skill level 1 in Invocations
 11014 | D:9      | Noticed a kobold demonologist
 11293 | D:9      | Noticed a rust devil
 11298 | D:9      | Noticed a sixfirhy
 11301 | D:9      | Slain by a sixfirhy

Illustrated notes

Levels and vault maps discovered:
D:1:      dpeg_arrival_round_c, layout_basic, serial_aquarium,
          aquarium_bridge_square [aquarium_subvault_bridge,
          aquarium_subvault_wall, aquarium_subvault_window,
          aquarium_subvault_balcony], aquarium_window_corridor_2,
          aquarium_window_fake, aquarium_window_fake, aquarium_view_2f,
          aquarium_view_2b, aquarium_balcony_3a, nicolae_ecumenical_lake_church
D:2:      minmay_wonky_spiral, layout_loops_ring, basic_altar, serial_shops,
          shop, minmay_heptomino_l4
D:3:      layout_loops_ring, overflow_temple_1_default,
          overflow_temple_1_default, ebering_ghost_sewer_f,
          chequers_serial_rivers_room_a, st_stairs_12
D:4:      layout_cave_pools, minmay_misc_feat_four_crosses,
          nicolae_shop_vocational, uniq_crazy_yiuf_cottage, uniq_edmund,
          uniq_pikel
D:5:      minmay_skewed_foursquare, layout_loops_ring,
          nicolae_uskayaw_dance_hall, uniq_duvessa, uniq_sigmund, uniq_grinder
D:6:      layout_loops_cross, fedhas_altar_1, portal_sewer_entry_e,
          serial_glass, glass_columns_b, glass_columns_a, serial_shops,
          shop_statue, gammafunk_ghost_nasty_kobolds, kennysheep_nub,
          lemuel_flame_loot_1
D:7:      layout_basic, bloody_makhleb, kennysheep_mini,
          minmay_temple_entry_sparse_star
D:8:      layout_cave_pools
D:9:      layout_big_octagon, overflow_temple_1_default, vehumet_statue,
          uniq_maurice

Skill      XL: |  1  2  3  4  5  6  7  8  9 10 |
---------------+-------------------------------+-----
Axes           | 3 4 5 8 9 12 13 | 13.2
Fighting       | 4 5 6 7 8 |  8.4
Armour         | 4 6 7 8 9 |  9.3
Dodging        | 1 2 3 |  3.5
Shields        | 4 5 |  5.9
Stealth        | 2 |  2.7
Invocations    | 1 |  1.7

Action                   |  1- 3 |  4- 6 |  7- 9 | 10-12 || total
-------------------------+-------+-------+-------+-------++-------
Melee: War axe           |    98 |   126 |   273 |   135 ||   632
       Hand axe          |       |       |       |   100 ||   100
Throw: Throwing net      |       |       |       |     1 ||     1
  Use: Potion            |       |     2 |     1 |     5 ||     8
       Scroll            |       |       |     2 |     3 ||     5
 Stab: Paralysed         |       |       |    11 |     4 ||    15
Armor: Scale mail        |    54 |    71 |   110 |   130 ||   365
Dodge: Dodged            |    48 |    84 |   108 |   128 ||   368
Block: Buckler           |    25 |    45 |    69 |    40 ||   179
